 Dungeon Crawl Stone Soup version 0.14-a0-2432-g6b3afca (webtiles) character file.

149 4tharraofdagon the Ducker (level 3, -1/16 HPs)
             Began as a Felid Monk on Feb 4, 2014.
             Slain by an ogre
             ... wielding a +0,+0 giant club
              (17 damage)
             ... on Level 6 of the Dungeon.
             The game lasted 00:06:56 (1233 turns).

4tharraofdagon the Ducker (Felid Monk)              Turns: 1233, Time: 00:06:56

HP  -1/16        AC  1     Str  7      XL: 3   Next:  5%
MP   5/5         EV 20     Int 11      God:
Gold 119         SH  0     Dex 19      Spells:  0 memorised,  2 levels left
Lives: 0, deaths: 1

rFire  . . .     SeeInvis +       - Unarmed
rCold  + . .     Clarity  .     (armour unavailable)
rNeg   . . .     Conserve .     (shield unavailable)
rPois  +         rCorr    .     (helmet unavailable)
rElec  .         rRot     .     (cloak unavailable)
SustAb . .       Spirit   .     (gloves unavailable)
rMut   .         Warding  .     (boots unavailable)
Saprov . . .     Stasis   .     (no amulet)
MR     .....                    (no ring)
                                h - ring of poison resistance

@: exhausted, quick, not resistant to hostile enchantments, quite stealthy
A: paw claws, no armour, no advanced items, fangs 3, see invisible, carnivore 3,
cold resistance 1, speed 1, shaggy fur 1, slow metabolism 1, jump 1
a: Jump Attack


You were on level 6 of the Dungeon.
You were not hungry.

You visited 1 branch of the dungeon, and saw 6 of its levels.

You collected 119 gold pieces.

Inventory:

Comestibles
 b - 5 meat rations
Scrolls
 c - a scroll of immolation {unknown}
 e - 2 scrolls of fear
 g - a scroll of identify
 k - a scroll of remove curse {unknown}
 l - a scroll of curse armour {unknown}
Jewellery
 h - a ring of poison resistance (left paw)
Potions
 a - a potion of resistance
 f - a potion of curing
 i - a potion of magic


   Skills:
 + Level 2.8 Fighting
 - Level 4.0 Dodging
 + Level 4.0 Stealth
 * Level 4.0 Unarmed Combat


You had 2 spell levels left.
You didn't know any spells.

Dungeon Overview and Level Annotations

Branches:
Dungeon (6/16)
 Temple: D:4-7

Altars:
Elyvilon
Xom

Shops:
D:4 (

Annotations:
D:4 4tharraofdagon's ghost, weakling FeMo
D:6 Moksha's ghost, experienced DjFi


Innate Abilities, Weirdness & Mutations

You cannot wear armour.
You are incapable of any advanced item manipulation.
Your paws have sharp claws.
You have razor-sharp teeth.
You have supernaturally acute eyesight.
You are carnivorous and can eat meat at any time.
You cover ground quickly.
You are covered in fur (AC +1).
You have a slow metabolism.
You can jump attack at a short distance.
Your flesh is cold resistant.


Message History

Your Unarmed Combat skill increases to level 4!
Use which ability? (? or * to list)
Aiming: Jump Attack
Press: ? - help, Dir - move target cursor, f - ogre
Aim: an ogre, wielding a giant club (resting)
You jump-attack the ogre!
You claw the ogre!
The ogre begins to bleed from its wounds!
The ogre is moderately wounded.
You feel somewhat more hungry.
You scratch the ogre.
The ogre is heavily wounded.
The ogre closely misses you.
You scratch the ogre.
The ogre is severely wounded.
The ogre closely misses you.
You barely miss the ogre.
The ogre is severely wounded.
The ogre hits you with a giant club!
Ouch! That really hurt!
You die...

#.....# # . .........
#.##########.#.⌠.⌠.#.#
.......................
.#.............#.....#..
#.........)......._.....
.#.............#.....#..
#......O................
#.....@.......#.⌠.⌠.#..
.........................
...............#.....#..
##############..........
#####...... #../...
#...... #...... #......


You could see an ogre (bleeding).

Vanquished Creatures
  A worker ant (D:4)
  2 giant mites
  An orc skeleton (D:5)
  2 giant geckos (D:5)
  A ball python (D:2)
  2 bats
  A giant cockroach (D:1)
  4 goblins
  3 hobgoblins
  2 jackals (D:4)
  4 quokkas
  5 giant newts
  A goblin skeleton (D:4)
  A kobold (D:5)
  A kobold zombie (D:6)
  3 rats
  A rat skeleton (D:4)
35 creatures vanquished.

Vanquished Creatures (others)
  A scorpion (D:5)
  A bat (D:5)
2 creatures vanquished.

Grand Total: 37 creatures vanquished

Notes
Turn   | Place    | Note
--------------------------------------------------------------
     0 | D:1      | 4tharraofdagon, the Felid Monk, began the quest for the Orb.
     0 | D:1      | Reached XP level 1. HP: 9/9 MP: 2/2
     7 | D:1      | Gained mutation: You are partially covered in rough black scales (AC +4, Dex -1). [potion of mutation]
     7 | D:1      | Gained mutation: Your flesh is cold resistant. [potion of mutation]
    17 | D:1      | Lost mutation: You are partially covered in rough black scales (AC +4, Dex -1). [potion of mutation]
   233 | D:2      | Reached XP level 2. HP: 2/13 MP: 3/3
   494 | D:5      | Entered Level 5 of the Dungeon
   508 | D:5      | Reached XP level 3. HP: 4/16 MP: 5/5
   512 | D:5      | Noticed a sky beast
   513 | D:5      | Found a shimmering altar of Xom.
   665 | D:4      | Found Areneopp's Antique Weapon Emporium.
   668 | D:4      | Noticed 4tharraofdagon's ghost (weakling FeMo)
  1017 | D:5      | Noticed a hill giant zombie
  1030 | D:5      | Reached XP level 4. HP: 16/20 MP: 7/7
  1178 | D:6      | Noticed Moksha's ghost (experienced DjFi)
  1194 | D:6      | Noticed a giant frog
  1198 | D:6      | Found a white marble altar of Elyvilon.
  1215 | D:6      | Slain by a worker ant
  1216 | D:6      | Reached XP level 3. HP: 0/16 MP: 5/5
  1223 | D:6      | Noticed an ogre
  1233 | D:6      | Slain by an ogre

Action                   |  1- 3 |  4- 6 || total
-------------------------+-------+-------++-------
Melee: Unarmed           |   122 |    11 ||   133
 Abil: Jump Attack       |     3 |       ||     3
  Use: Potion            |     8 |     1 ||     9
       Scroll            |     4 |     2 ||     6
 Stab: Sleeping          |     9 |       ||     9
